 Dungeon Crawl Stone Soup version 0.29.0-4-gdea44cf6ec (webtiles) character file.

Game seed: 3477305821317464854

3073 qw the Cleaver (level 9, -7/118 (121) HPs)
             Began as a Minotaur Berserker on Sept 9, 2022.
             Was a Believer of Trog.
             Mangled by Psyche
             ... wielding a +4 dagger of chaos
              (10 damage)
             ... on level 8 of the Dungeon.
             The game lasted 00:02:28 (9258 turns).

qw the Cleaver (Minotaur Berserker)                 Turns: 9258, Time: 00:02:29

HP:   -7/118 (121)  AC:  0    Str: 25 (26) XL:     9   Next: 58%
MP:   8/8           EV: 14    Int:  4      God:    Trog [**....]
Gold: 572           SH:  0    Dex:  8 (10) Spells: 8/8 levels left

rFire   . . .      SeeInvis .   (weapon currently unavailable)
rCold   + + +      Faith    .   (shield currently unavailable)
rNeg    . . .      Spirit   .   (body armour currently unavailable)
rPois   .          Reflect  .   (helmet currently unavailable)
rElec   .          Harm     .   (cloak currently unavailable)
rCorr   .          Rampage  .   (gloves currently unavailable)
Will    .....                   (boots currently unavailable)
Stlth   ..........              g - amulet "Heoheaz" {RegenMP rC+++}
HPRegen 0.29/turn               (ring currently unavailable)
MPRegen 0.51/turn               (ring currently unavailable)

@: berserking (expiring), lethally poisoned (-7 -> -23), pig-form, slowed,
lightly drained, very quick
A: fast, no casting, small, (horns 2), (retaliatory headbutt), wild magic 1
a: Renounce Religion, Berserk, Trog's Hand


You were on level 8 of the Dungeon.
You worshipped Trog.
Trog was pleased with you.
You were a filthy swine.
You visited 1 branch of the dungeon, and saw 8 of its levels.

You collected 572 gold pieces.


Innate Abilities, Weirdness & Mutations

You are a filthy swine.
You move quickly.
Your equipment is almost entirely melded.
You are incapable of wielding weapons or throwing items.
You cannot cast spells.
((You have a pair of horns on your head.))
((You reflexively headbutt those who attack you in melee.))
Your spells are a little harder to cast, but a little more powerful.


   Skills:
 - Level 8.0 Fighting
 + Level 13.9 Axes
 - Level 5.2 Armour
 - Level 2.1 Dodging


You had 8 spell levels left.
You didn't know any spells.
Your spell library was empty.

Inventory:

Hand Weapons
 m - a +0 morningstar
 Y - a +2 broad axe of freezing (melded)
Armour
 d - a +0 chain mail (melded)
 l - a +0 pair of boots (melded)
 o - a +0 cloak (melded)
Jewellery
 a - a +6 ring of intelligence (melded)
 b - a ring of protection from cold
 f - a ring of positive energy (melded)
 g - the amulet "Heoheaz" (around neck) {RegenMP rC+++}
   (You found it on level 5 of the Dungeon)

   [amulet of magic regeneration]

   It increases your rate of magic regeneration.
   rC:        It renders you almost immune to cold.
 j - a ring of resist corrosion
Scrolls
 c - a scroll of teleportation
 e - 2 scrolls of identify
Potions
 h - 5 potions of curing
 i - a potion of might
 k - a potion of mutation
 n - 2 potions of heal wounds
 p - a potion of haste

Dungeon Overview and Level Annotations

Branches:
Dungeon (8/15)             Temple (0/1) D:6
   Lair: D:8-11

Altars:
Cheibriados
Dithmenos
Fedhas
Gozag
Kikubaaqudgha
Makhleb
Nemelex Xobeh
Trog
Vehumet
Xom
The Shining One

Annotations:
D:5 1 runed translucent door, Crazy Yiuf
D:8 Psyche


Message History

Your +0 chain mail melds into your body.
Your ring of positive energy melds into your body.
Your +6 ring of intelligence melds into your body.
Your +2 broad axe of freezing stops glowing.
You feel stupid.
You can move again.
You closely miss the hornet.
The hornet is heavily wounded.
You feel sick. The hornet stings you!
You are more poisoned.
You feel as though you will be slow longer.
The hornet stings you!
You shrug off the repeated paralysis!
You completely miss the hornet.
The hornet is heavily wounded.
You feel very sick.
You hear some strange, mumbled words.
The hornet completely misses you. Something hits you!
You are more poisoned.
You bite the hornet!
The hornet is almost dead.
You feel extremely sick. The hornet stings you.
You feel as though you will be slow longer.
You hear some strange, mumbled words.
You hit the hornet.
You kill the hornet!
Trog accepts your kill.
You feel very sick. Something hits you.
You are more poisoned.
You swing at nothing.
You feel extremely sick. Something hits you!
You barely miss something.
You feel very sick. Something hits you!
You feel drained.
You miss something.
You feel very sick. Something hits you!
You die...

#.........#
#.........#
#.........#
#.........#
#'###.##..#
#######.######..#
#...............#
#...............#
#####h####+####'##
.......{...........#
...................#
.$.................#
...................#
...................#
...##+###########'##
... .............#
.............#


There were no monsters in sight!

Vanquished Creatures
  Prince Ribbit (D:7)
  A hornet (D:8)
  2 wyverns
  A water moccasin (D:6)
  Duvessa (D:7)
  2 ice beasts (D:6)
  2 black bears
  2 orc warriors (D:6)
  A sky beast (D:7)
  2 centaurs (D:6)
  2 phantoms
  2 scorpions (D:5)
  8 wights
  Dowan (D:7)
  5 hounds
  A jelly (D:5)
  4 orc priests
  2 iguanas
  Natasha (thrice) (D:2)
  2 orc wizards
  2 gnolls (D:1)
  4 adders
  A shadow imp (D:6)
  2 white imps
  An ufetubus (D:5)
  19 orcs
  5 ball pythons
  5 bats
  7 endoplasms
  2 giant cockroaches (D:1)
  9 goblins
  8 hobgoblins
  3 jackals (D:4)
  2 quokkas
  2 frilled lizards
  8 kobolds
  3 rats
128 creatures vanquished.

Vanquished Creatures (others)
  A wizard (D:3)
  4 plants
5 creatures vanquished.

Grand Total: 133 creatures vanquished

Notes
Turn   | Place    | Note
-------+----------+-------------------------------------------
     0 | D:1      | qw the Minotaur Berserker began the quest for the Orb.
     0 | D:1      | Reached XP level 1. HP: 19/19 MP: 0/0
     0 | D:1      | 0 ||| qw: Version: 0.1-a-113-g051387a
     0 | D:1      | 0 ||| qw: Game counter: 7202
     0 | D:1      | 0 ||| qw: Always use a shield: true
     0 | D:1      | 0 ||| qw: Do Orc after D:15 true
     0 | D:1      | 0 ||| qw: Do second Lair branch before Depths: true
     0 | D:1      | 0 ||| qw: Lair rune preference: random
     0 | D:1      | 0 ||| qw: Plans: Normal
     0 | D:1      | 0 ||| PLANNING D:1-11
   200 | D:1      | Reached skill level 4 in Axes
   538 | D:1      | 538 ||| INVOKING Berserk.
   540 | D:1      | Reached XP level 2. HP: 26/26 MP: 1/1
   665 | D:1      | Found a faded altar of an unknown god.
   665 | D:1      | Noticed an orange demon
   818 | D:1      | 818 ||| INVOKING Berserk.
   821 | D:1      | Reached skill level 5 in Axes
   821 | D:1      | Reached XP level 3. HP: 31/31 MP: 2/2
  1570 | D:1      | 1570 ||| UPGRADING to +0 robe of fire resistance.
  1580 | D:1      | 1580 ||| DROPPING +0 animal skin.
  1581 | D:1      | 1581 ||| UPGRADING to ring of positive energy.
  1582 | D:1      | 1582 ||| READING 2 scrolls labelled ENUFRA JUGATSOMEA.
  1586 | D:1      | 1586 ||| READING scroll labelled VUGGEL ECUDA.
  1587 | D:1      | 1587 ||| READING scroll labelled GEUMIPLEON.
  1688 | D:1      | 1688 ||| READING scroll labelled AZEAKEH MIELO.
  1882 | D:2      | Noticed Natasha
  1885 | D:2      | 1885 ||| INVOKING Berserk.
  1887 | D:2      | Killed Natasha
  2132 | D:2      | Noticed Natasha
  2137 | D:2      | 2137 ||| INVOKING Berserk.
  2142 | D:2      | Killed Natasha
  2143 | D:2      | Reached skill level 6 in Axes
  2143 | D:2      | Reached XP level 4. HP: 39/39 MP: 3/3
  2491 | D:2      | Noticed Natasha
  2494 | D:2      | 2494 ||| INVOKING Berserk.
  2498 | D:2      | Killed Natasha
  2835 | D:2      | 2835 ||| UPGRADING to +0 pair of boots.
  2840 | D:2      | 2840 ||| DROPPING amulet of magic regeneration.
  2841 | D:2      | 2841 ||| READING scroll labelled WUEWIE WEMOICO.
  2842 | D:2      | 2842 ||| DRINKING 2 emerald potions.
  2843 | D:2      | 2843 ||| DROPPING potion of attraction.
  2844 | D:2      | 2844 ||| READING scroll of teleportation.
  2975 | D:3      | 2975 ||| Stepping ~*~*~tactically~*~*~ (hiding).
  2977 | D:3      | 2977 ||| INVOKING Berserk.
  2983 | D:3      | Reached skill level 7 in Axes
  2983 | D:3      | Reached XP level 5. HP: 45/45 MP: 4/4
  3330 | D:3      | 3330 ||| DROPPING +0 whip.
  3346 | D:3      | Found a bloodstained altar of Trog.
  3492 | D:3      | Noticed a black bear
  3493 | D:3      | 3493 ||| Stepping ~*~*~tactically~*~*~ (stealth).
  3499 | D:3      | 3499 ||| INVOKING Berserk.
  3503 | D:3      | Killed a black bear
  3504 | D:3      | Reached skill level 8 in Axes
  3504 | D:3      | Reached XP level 6. HP: 52/52 MP: 5/5
  3657 | D:3      | Reached ** piety under Trog
  3785 | D:3      | Noticed a wizard
  3788 | D:3      | Killed a wizard
  3810 | D:3      | 3810 ||| DROPPING +0 leather armour.
  3811 | D:3      | 3811 ||| DROPPING orb of wrath.
  3812 | D:3      | 3812 ||| UPGRADING to +0 scale mail.
  3822 | D:3      | 3822 ||| DROPPING +0 robe of fire resistance.
  3823 | D:3      | 3823 ||| UPGRADING to +6 ring of intelligence.
  3824 | D:3      | 3824 ||| DRINKING 2 fuming orange potions.
  3863 | D:3      | 3863 ||| DROPPING potion of lignification.
  3904 | D:4      | Found a shadowy altar of Dithmenos.
  3965 | D:4      | 3965 ||| Stepping ~*~*~tactically~*~*~ (stealth).
  3966 | D:4      | 3966 ||| Stepping ~*~*~tactically~*~*~ (stealth).
  4033 | D:4      | 4033 ||| INVOKING Berserk.
  4038 | D:4      | Reached skill level 9 in Axes
  4126 | D:4      | 4126 ||| Stepping ~*~*~tactically~*~*~ (stealth).
  4192 | D:4      | Found a radiant altar of Vehumet.
  4193 | D:4      | Found a blossoming altar of Fedhas.
  4227 | D:4      | 4227 ||| Stepping ~*~*~tactically~*~*~ (hiding).
  4233 | D:4      | 4233 ||| INVOKING Berserk.
  4244 | D:4      | Reached XP level 7. HP: 60/60 MP: 6/6
  4587 | D:4      | 4587 ||| Stepping ~*~*~tactically~*~*~ (stealth).
  4733 | D:4      | 4733 ||| UPGRADING to +0 chain mail.
  4743 | D:4      | 4743 ||| DROPPING +0 scale mail.
  4780 | D:5      | Entered Level 5 of the Dungeon
  4809 | D:5      | Reached skill level 3 in Armour
  4925 | D:5      | 4925 ||| INVOKING Berserk.
  5102 | D:5      | Found an ancient bone altar of Kikubaaqudgha.
  5170 | D:5      | Identified the amulet "Heoheaz" {RegenMP rC+++}
  5402 | D:5      | Reached skill level 10 in Axes
  5520 | D:5      | Found a runed translucent door.
  5521 | D:5      | Noticed Crazy Yiuf
  5901 | D:5      | 5901 ||| UPGRADING to amulet "Heoheaz" {RegenMP rC+++}.
  5906 | D:5      | 5906 ||| READING 2 scrolls labelled XOEKHLI ZACWUA.
  5907 | D:5      | 5907 ||| READING scroll labelled YRAGGE BEPREIN.
  5958 | D:4      | Found a sparkling altar of Nemelex Xobeh.
  5958 | D:4      | Found a shimmering altar of Xom.
  6005 | D:6      | Noticed a wyvern
  6015 | D:6      | Killed a wyvern
  6016 | D:6      | Reached skill level 6 in Fighting
  6097 | D:6      | 6097 ||| INVOKING Berserk.
  6100 | D:6      | Reached XP level 8. HP: 49/69 MP: 7/7
  6272 | D:6      | Found a glowing golden altar of the Shining One.
  6280 | D:6      | 6280 ||| INVOKING Berserk.
  6493 | D:6      | 6493 ||| DROPPING +0 flail.
  6524 | D:6      | Reached skill level 11 in Axes
  6621 | D:6      | 6621 ||| Stepping ~*~*~tactically~*~*~ (hiding).
  6626 | D:6      | 6626 ||| INVOKING Berserk.
  6779 | D:6      | Found a staircase to the Ecumenical Temple.
  6880 | D:6      | 6880 ||| INVOKING Berserk.
  6884 | D:6      | Reached skill level 12 in Axes
  7027 | D:6      | 7027 ||| SWAPPING to +0 war axe.
  7028 | D:6      | 7028 ||| DROPPING +1 hand axe of protection.
  7032 | D:6      | Found a burning altar of Makhleb.
  7286 | D:6      | 7286 ||| Stepping ~*~*~tactically~*~*~ (hiding).
  7394 | D:6      | 7394 ||| READING 3 scrolls labelled QEPNYHEPRE.
  7395 | D:6      | 7395 ||| READING scroll labelled BEKIKKU RURREFECS.
  7395 | D:6      | Identified a scroll of acquirement
  7395 | D:6      | 7395 ||| ACQUIRING +2 broad axe of freezing
  7395 | D:6      | Acquired a +2 broad axe of freezing
  7397 | D:6      | 7397 ||| SWAPPING to +2 broad axe of freezing.
  7398 | D:6      | 7398 ||| DROPPING +0 war axe.
  7399 | D:6      | 7399 ||| READING scroll labelled WIG JECEQEALA.
  7400 | D:6      | 7400 ||| DRINKING 2 viscous grey potions.
  7401 | D:6      | 7401 ||| DRINKING 2 bubbling inky potions.
  7401 | D:6      | Gained mutation: Your spells are a little harder to cast,
                  | but a little more powerful. [potion of mutation]
  7402 | D:6      | 7402 ||| READING 3 scrolls of identify.
  7402 | D:6      | 7402 ||| IDENTIFYING bubbling puce potion
  7403 | D:6      | 7403 ||| READING 2 scrolls of identify.
  7403 | D:6      | 7403 ||| IDENTIFYING smoky grey potion
  7404 | D:6      | 7404 ||| DROPPING potion of degeneration.
  7405 | D:6      | 7405 ||| DROPPING 2 scrolls of amnesia.
  7430 | D:7      | 7430 ||| Stepping ~*~*~tactically~*~*~ (stealth).
  7435 | D:7      | Reached XP level 9. HP: 74/79 MP: 8/8
  7443 | D:7      | 7443 ||| Stepping ~*~*~tactically~*~*~ (stealth).
  7543 | D:7      | Noticed Duvessa
  7543 | D:7      | Noticed Dowan
  7544 | D:7      | 7544 ||| Stepping ~*~*~tactically~*~*~ (hiding).
  7547 | D:7      | 7547 ||| INVOKING Berserk.
  7557 | D:7      | Killed Duvessa
  7558 | D:7      | Reached skill level 13 in Axes
  7565 | D:7      | Killed Dowan
  7746 | D:7      | Found an opulent altar of Gozag.
  7807 | D:7      | 7807 ||| INVOKING Berserk.
  7957 | D:7      | 7957 ||| DROPPING +4 flail of freezing.
  7987 | D:7      | 7987 ||| Stepping ~*~*~tactically~*~*~ (hiding).
  8257 | D:7      | Found a snail-covered altar of Cheibriados.
  8293 | D:7      | Noticed Prince Ribbit
  8304 | D:7      | 8304 ||| INVOKING Berserk.
  8335 | D:7      | HP: 19/81 [Prince Ribbit (6)]
  8336 | D:7      | 8336 ||| READING 2 scrolls of teleportation.
  8339 | D:7      | HP: 3/81 [Prince Ribbit (11)]
  8340 | D:7      | Killed Prince Ribbit
  8785 | D:7      | 8785 ||| Stepping ~*~*~tactically~*~*~ (stealth).
  9121 | D:7      | 9121 ||| UPGRADING to +0 cloak.
  9126 | D:7      | 9126 ||| READING scroll labelled KYCHUNW KUKEIM.
  9127 | D:7      | 9127 ||| READING scroll labelled NUKAOCR SOIDO.
  9128 | D:7      | 9128 ||| DRINKING 3 orange potions.
  9129 | D:7      | 9129 ||| DRINKING 3 bubbling sapphire potions.
  9130 | D:7      | 9130 ||| DRINKING 2 inky potions.
  9131 | D:7      | 9131 ||| DROPPING 2 potions of brilliance.
  9243 | D:8      | Noticed Psyche
  9244 | D:8      | 9244 ||| Stepping ~*~*~tactically~*~*~ (stealth).
  9247 | D:8      | 9247 ||| Stepping ~*~*~tactically~*~*~ (stealth).
  9250 | D:8      | 9250 ||| INVOKING Berserk.
  9251 | D:8      | Paralysed by a hornet for 1 turns
  9256 | D:8      | HP: 20/121 [something (12)]
  9257 | D:8      | HP: 8/121 [something (7)]
  9258 | D:8      | HP: 3/118 [poisoned by Psyche]
  9258 | D:8      | Mangled by Psyche

Levels and vault maps discovered:
D:1:      dpeg_arrival_simpleton_a, layout_basic,
          dreamdust_ecumenical_altar_sealed_demon, kennysheep_crisscross,
          serial_park_tiny_pond, hex_intersection
D:2:      layout_loops_ring, kennysheep_flooded_box, wad_floor_pattern_1,
          serial_bayou_pond_b, uniq_natasha
D:3:      layout_rooms, trog_wizard
D:4:      layout_loops_ring, mainiacjoe_overflow_alcove_4,
          nicolae_overflow_hidden_temple
D:5:      layout_loops_ring, mainiacjoe_overflow_brackets,
          uniq_crazy_yiuf_cottage
D:6:      layout_basic, overflow_temple_1_default, general_overflow_altar,
          temple_doors_e
D:7:      layout_basic, nicolae_gozag_seed_capital, mainiacjoe_overflow_catwalk,
          minivault_10, uniq_prince_ribbit1, uniq_duvessa
D:8:      layout_gridville, serial_bayou_pond_a, uniq_erica, uniq_psyche,
          uniq_maggie

Skill      XL: |  1  2  3  4  5  6  7  8  9 |
---------------+----------------------------+-----
Axes           | 4 5 6 7 8 9 10 12 13 | 13.9
Fighting       | 4 6 7 8 |  8.0
Armour         | 3 4 5 |  5.2
Dodging        | |  2.1

Action                   |  1- 3 |  4- 6 |  7- 9 || total
-------------------------+-------+-------+-------++-------
Melee: Hand axe          |    57 |   121 |   135 ||   313
       Headbutt          |     6 |    21 |    35 ||    62
       Punch             |     1 |       |     1 ||     2
       War axe           |       |       |    19 ||    19
       Broad axe         |       |       |    72 ||    72
       Unarmed           |       |       |     6 ||     6
Invok: Berserk           |     4 |     5 |     9 ||    18
  Use: Scroll            |     4 |     2 |    10 ||    16
       Potion            |       |     2 |     5 ||     7
 Stab: Sleeping          |     1 |       |       ||     1
Armor: Animal skin       |     2 |       |       ||     2
       Robe              |     2 |    18 |       ||    20
       Scale mail        |       |    17 |     2 ||    19
       Chain mail        |       |       |    86 ||    86
Dodge: Dodged            |    22 |    52 |    63 ||   137

Table legend:
 A = Non-vault XP
 B = Vault XP
 C = Vault XP percentage of total XP
 D = Non-vault monster count
 E = Vault monster count
 F = Vault count percentage of total count
                 A         B        C        D         E       F
            +---------+---------+-------+---------+---------+-------
      Total |    3859 |     532 |  12.1 |     121 |       7 |   5.5
            +---------+---------+-------+---------+---------+-------
        D:1 |      51 |       0 |   0.0 |      17 |       0 |   0.0
        D:2 |      83 |      41 |  33.1 |       9 |       4 |  30.8
        D:3 |     316 |       0 |   0.0 |      29 |       0 |   0.0
        D:4 |     272 |       0 |   0.0 |      18 |       0 |   0.0
        D:5 |     417 |       0 |   0.0 |       9 |       0 |   0.0
        D:6 |    1596 |       0 |   0.0 |      26 |       0 |   0.0
        D:7 |     859 |     491 |  36.4 |      12 |       3 |  20.0
        D:8 |     265 |       0 |   0.0 |       1 |       0 |   0.0
            +---------+---------+-------+---------+---------+-------
